AoeStats
← -GNG-OverHabit

Arabia

510766770Analyzed
1v1 RM · 16h ago on Oct 2, 2026· 23m 56s· 2 players
Game mode
Random Map
Map size
Tiny (2 player)
Population
200
Speed
Normal
Resources
Standard
Victory
Conquest
Starting age
Dark Age
Ending age
Imperial Age
RankedLock teamsTeams togetherTeam positionsShared explorationLock speedFull tech treeHidden civsTurbo modeCheats
Victory
Defeat
🇭🇰 Wu · Hong Kong SAR China
1937
+14
🇹🇷 Celts · Türkiye
1899
-14
Orhan
5:37 Loom
8:37 Feudal Age
10:43 Double-Bit Axe
12:57 Fletching
21:38 Castle Age
20:45 Padded Archer Armor
22:16 Bodkin Arrow
21:48 Elite Skirmisher
23:41 Horse Collar
-GNG-OverHabit
10:42 Feudal Age
10:40 Loom
11:15 Double-Bit Axe
17:23 Castle Age
16:01 Fletching
16:54 Horse Collar
17:27 Crossbowman
18:03 Bodkin Arrow
18:20 Bodkin Arrow
Connection lost

Rejoining the realm…

Still unreachable

The connection could not be restored.

Session expired

The server has moved on; the page needs a fresh start.